 Dungeon Crawl Stone Soup version 0.27.1-33-g824d729ab1 (webtiles) character file.

Game seed: 66553710538979364

644 NOTTavin the Shield-Bearer (level 7, -2/60 HPs)
             Began as a Gnoll Fighter on Dec 2, 2021.
             Was a Follower of Zin.
             Slain by an orc warrior (13 damage)
             ... on level 5 of the Dungeon.
             The game lasted 00:21:22 (4216 turns).

NOTTavin the Shield-Bearer (Gnoll Fighter)          Turns: 4216, Time: 00:21:22

Health: -2/60      AC: 10    Str: 16      XL:     7   Next: 52%
Magic:  10/10      EV:  6    Int:  9      God:    Zin [*.....]
Gold:   267        SH: 20    Dex: 12 (13) Spells: 11/11 levels left

rFire    + . .     SeeInvis .   a - +1 war axe
rCold    . . .     Faith    .   j - +0 tower shield
rNeg     . . .     Spirit   .   b - +0 scale mail
rPois    +         Reflect  +   (no helmet)
rElec    .         Harm     .   d - +0 cloak
rCorr    .         Rampage  .   g - +0 pair of gloves
Will     .....                  (no boots)
Stlth    +.........             o - amulet of reflection
HPRegen  0.20/turn              n - ring of poison resistance
MPRegen  0.12/turn              p - ring of protection from fire

@: no status effects
A: fangs 1, strong nose, distributed training, clever 1, deterioration 1, no
potion heal 1
a: Renounce Religion, Recite, Donate Gold


You were on level 5 of the Dungeon.
You worshipped Zin.
Zin was aware of your devotion.
You visited 1 branch of the dungeon, and saw 5 of its levels.

You collected 296 gold pieces.
You donated 29 gold pieces to Zin.

Inventory:

Hand Weapons
 a - a +1 war axe (weapon)
 l - a +1 whip of venom
 r - the +2 dagger "Zoryh" {vorpal, Dex+3}
   (You took it off an orc on level 4 of the Dungeon)

   It inflicts extra damage upon your enemies.
   Dex:       It affects your dexterity (+3).
Armour
 b - a +0 scale mail (worn)
 c - a +0 kite shield
 d - a +0 cloak (worn)
 g - a +0 pair of gloves (worn)
 j - a +0 tower shield (worn)
Jewellery
 n - a ring of poison resistance (left hand)
 o - an amulet of reflection (around neck)
 p - a ring of protection from fire (right hand)
 t - an amulet of guardian spirit
Wands
 m - a wand of flame (31)
Scrolls
 f - 2 scrolls of fear
 i - 2 scrolls of teleportation
 k - 7 scrolls of amnesia
 s - 2 scrolls of identify
Potions
 e - 2 potions of lignification
 h - a potion of berserk rage
 w - a potion of brilliance {unknown}


   Skills:
 + Level 7.0 Fighting
 + Level 2.5 Short Blades
 + Level 2.5 Long Blades
 + Level 5.2 Axes
 + Level 2.5 Maces & Flails
 + Level 2.5 Polearms
 + Level 2.5 Staves
 + Level 2.5 Slings
 + Level 2.5 Bows
 + Level 2.5 Crossbows
 + Level 2.5 Throwing
 + Level 7.0 Armour
 + Level 2.5 Dodging
 + Level 2.5 Stealth
 + Level 7.0 Shields
 + Level 2.5 Unarmed Combat
 + Level 2.5 Spellcasting
 + Level 2.0 Conjurations
 + Level 2.0 Hexes
 + Level 2.0 Summonings
 + Level 2.0 Necromancy
 + Level 2.0 Translocations
 + Level 2.0 Transmutations
 + Level 2.0 Fire Magic
 + Level 2.0 Ice Magic
 + Level 2.0 Air Magic
 + Level 2.0 Earth Magic
 + Level 2.0 Poison Magic
 + Level 2.8 Invocations
 + Level 2.5 Evocations


You had 11 spell levels left.
You didn't know any spells.
Your spell library contained the following spells:

 Spells                   Type           Power      Damage    Failure   Level
 Slow                     Hex            4%         N/A       100%        2
 Confusing Touch          Hex            4%         N/A       100%        3
 Vampiric Draining        Necr           2%         2d6       100%        3


Dungeon Overview and Level Annotations

Branches:
Dungeon (5/15)
 Temple: D:4-7

Altars:
Fedhas
Hepliaklqana
Zin

Shops:
D:2 [*?


Innate Abilities, Weirdness & Mutations

You have very sharp teeth.
Your uncanny sense of smell can sniff out nearby items.
Your experience applies equally to all skills.
Your mind is acute. (Int +2)
Your body sometimes deteriorates upon taking damage.
Potions are less effective at restoring your health.


Message History

You block the orc's attack. The orc hits you but does no damage.
The orc wizard barely misses you. The orc closely misses you.
The orc warrior hits you with a +0 dire flail.
The orc hits you with a +0 dagger.
You slash the orc!
You kill the orc!
You hit the orc wizard. You closely miss the orc warrior. You hit the orc.
You kill the orc!
You block the orc wizard's attack.
The orc warrior hits you with a +0 dire flail!
Your body deteriorates!
You feel clumsy.
You hit the orc wizard.
The orc wizard is heavily wounded.
You hit the orc warrior but do no damage.
You block the orc wizard's attack. You block the orc warrior's attack.
The orc wizard hits you with a +0 dagger.
The orc warrior hits you but does no damage.
You slash the orc wizard!
You kill the orc wizard!
You hit the orc warrior. You block the orc warrior's attack.
You hit the orc warrior but do no damage.
The orc warrior is lightly wounded.
The orc warrior hits you with a +0 dire flail! x2
* * * LOW HITPOINT WARNING * * *
You slash the orc warrior!
The orc warrior is heavily wounded.
You block the orc warrior's attack. x2
You hit the orc warrior but do no damage.
The orc warrior is heavily wounded.
You block the orc warrior's attack.
You closely miss the orc warrior.
The orc warrior is heavily wounded.
The orc warrior hits you with a +0 dire flail!
* * * LOW HITPOINT WARNING * * *
You block the orc warrior's attack.
You slash the orc warrior!
You bite the orc warrior, but do no damage.
The orc warrior is severely wounded.
The orc warrior hits you with a +0 dire flail!
You die...

####### ######.....#
####### ...........#
##.......
...........#####o>......
###########.....@)......
# #####..#.###)...... ##
#........# ####### .#
#......##########
.#####...............#
>....................#
..####...(...........#
#.## ####..#.........#
#..# #####...<.......#


You could see an orc warrior.

Vanquished Creatures
  Blork the orc (D:5)
  A water moccasin skeleton (D:4)
  A centaur zombie (D:5)
  3 hounds
  A gnoll shaman (D:4)
  A centaur skeleton (D:4)
  Natasha (twice) (D:2)
  3 orc wizards (D:5)
  A hound zombie (D:5)
  4 gnolls (D:5)
  7 adders
  3 worms
  5 dart slugs
  9 orcs
  3 bats
  4 endoplasms
  5 giant cockroaches
  5 goblins
  12 hobgoblins
  3 jackals
  3 quokkas
  8 ball pythons
  4 frilled lizards
  A jackal skeleton (D:4)
  6 kobolds
  A rat (D:1)
97 creatures vanquished.

Notes
Turn   | Place    | Note
-------+----------+-------------------------------------------
     0 | D:1      | NOTTavin the Gnoll Fighter began the quest for the Orb.
     0 | D:1      | Reached XP level 1. HP: 23/23 MP: 1/1
    88 | D:1      | Reached XP level 2. HP: 29/29 MP: 2/2
   722 | D:1      | You fall into a shaft and drop 1 floor!
   729 | D:2      | Reached XP level 3. HP: 35/35 MP: 3/3
   746 | D:2      | Found Geakues's Antique Armour Shop.
   889 | D:2      | Reached skill level 1 in Invocations
   924 | D:2      | Noticed Natasha
   935 | D:2      | Killed Natasha
   936 | D:2      | Reached skill level 1 in Short Blades
   936 | D:2      | Reached skill level 1 in Long Blades
   936 | D:2      | Reached skill level 1 in Maces & Flails
   936 | D:2      | Reached skill level 1 in Polearms
   936 | D:2      | Reached skill level 1 in Staves
   936 | D:2      | Reached skill level 1 in Slings
   936 | D:2      | Reached skill level 1 in Bows
   936 | D:2      | Reached skill level 1 in Crossbows
   936 | D:2      | Reached skill level 1 in Throwing
   936 | D:2      | Reached skill level 1 in Dodging
   936 | D:2      | Reached skill level 1 in Stealth
   936 | D:2      | Reached skill level 1 in Unarmed Combat
   936 | D:2      | Reached skill level 1 in Spellcasting
   936 | D:2      | Reached skill level 1 in Evocations
   936 | D:2      | Reached XP level 4. HP: 25/41 MP: 5/5
   937 | D:2      | Found Catweuhu's Magic Scroll Emporium.
  1088 | D:2      | Noticed Natasha
  1102 | D:2      | Killed Natasha
  1103 | D:2      | Reached skill level 1 in Conjurations
  1103 | D:2      | Reached skill level 1 in Hexes
  1103 | D:2      | Reached skill level 1 in Summonings
  1103 | D:2      | Reached skill level 1 in Necromancy
  1103 | D:2      | Reached skill level 1 in Translocations
  1103 | D:2      | Reached skill level 1 in Transmutations
  1103 | D:2      | Reached skill level 1 in Fire Magic
  1103 | D:2      | Reached skill level 1 in Ice Magic
  1103 | D:2      | Reached skill level 1 in Air Magic
  1103 | D:2      | Reached skill level 1 in Earth Magic
  1103 | D:2      | Reached skill level 1 in Poison Magic
  1239 | D:2      | Found Umeujen's Assorted Antiques.
  1250 | D:2      | Found a blossoming altar of Fedhas.
  1271 | D:2      | Reached XP level 5. HP: 45/47 MP: 5/7
  1356 | D:2      | You fall into a shaft and drop 1 floor!
  1531 | D:3      | Found a hazy altar of Hepliaklqana.
  2329 | D:4      | Reached XP level 6. HP: 45/53 MP: 8/8
  2367 | D:4      | Identified the +2 dagger "Zoryh" {vorpal, Dex+3}
  2799 | D:4      | Reached skill level 5 in Axes
  3271 | D:4      | Gained mutation: You have a pair of small horns on your
                  | head. [potion of mutation]
  3271 | D:4      | Gained mutation: Your flesh is heat resistant. (rF+)
                  | [potion of mutation]
  3272 | D:4      | Lost mutation: You have a pair of small horns on your head.
                  | [potion of mutation]
  3272 | D:4      | Lost mutation: Your flesh is heat resistant. (rF+) [potion
                  | of mutation]
  3272 | D:4      | Gained mutation: Your mind is acute. (Int +2) [potion of
                  | mutation]
  3272 | D:4      | Gained mutation: Your body sometimes deteriorates upon
                  | taking damage. [potion of mutation]
  3272 | D:4      | Gained mutation: Potions are less effective at restoring
                  | your health. [potion of mutation]
  3274 | D:5      | Entered Level 5 of the Dungeon
  3512 | D:5      | Found a glowing silver altar of Zin.
  3512 | D:5      | Noticed an angel
  3520 | D:5      | Became a worshipper of Zin the Law-Giver
  3520 | D:5      | Reached * piety under Zin
  3638 | D:5      | Reached XP level 7. HP: 35/59 MP: 10/10
  3860 | D:5      | Noticed Blork the orc
  3878 | D:5      | Killed Blork the orc
  4216 | D:5      | Slain by an orc warrior

Illustrated notes

Levels and vault maps discovered:
D:1:      dpeg_arrival_shrine, layout_loops_corners, serial_glass,
          glass_columns_c, glass_columns_b, minmay_misc_feat_iff,
          lemuel_flame_loot_1
D:2:      minmay_alternating_diamond, layout_loops_cross, basic_altar,
          serial_shops, shop, nicolae_shop_window_shopping, shop, shop,
          uniq_sigmund, uniq_natasha
D:3:      layout_rooms, mainiacjoe_overflow_brackets, serial_bayou_pond_e,
          minmay_fractal_squares_5
D:4:      layout_gridville, minmay_bent
D:5:      layout_rooms, zin_angel, uniq_eustachio, uniq_blork_the_orc

Skill      XL: |  1  2  3  4  5  6  7 |
---------------+----------------------+-----
Invocations    | 1 2 |  2.8
Short Blades   | 1 2 |  2.5
Long Blades    | 1 2 |  2.5
Maces & Flails | 1 2 |  2.5
Polearms       | 1 2 |  2.5
Staves         | 1 2 |  2.5
Slings         | 1 2 |  2.5
Bows           | 1 2 |  2.5
Crossbows      | 1 2 |  2.5
Throwing       | 1 2 |  2.5
Dodging        | 1 2 |  2.5
Stealth        | 1 2 |  2.5
Unarmed Combat | 1 2 |  2.5
Spellcasting   | 1 2 |  2.5
Evocations     | 1 2 |  2.5
Conjurations   | 1 2 |  2.0
Hexes          | 1 2 |  2.0
Summonings     | 1 2 |  2.0
Necromancy     | 1 2 |  2.0
Translocations | 1 2 |  2.0
Transmutations | 1 2 |  2.0
Fire Magic     | 1 2 |  2.0
Ice Magic      | 1 2 |  2.0
Air Magic      | 1 2 |  2.0
Earth Magic    | 1 2 |  2.0
Poison Magic   | 1 2 |  2.0
Axes           | 5 |  5.2
Fighting       | 7 |  7.0
Armour         | 7 |  7.0
Shields        | 7 |  7.0

Action                   |  1- 3 |  4- 6 |  7- 9 || total
-------------------------+-------+-------+-------++-------
Melee: War axe           |    67 |    84 |    10 ||   161
       Bite              |     8 |    33 |     4 ||    45
       Whip              |       |    49 |       ||    49
       Dagger            |       |    88 |    44 ||   132
  Use: Scroll            |     3 |     8 |       ||    11
       Potion            |       |     8 |     1 ||     9
Armor: Scale mail        |    35 |   129 |    13 ||   177
Dodge: Dodged            |    30 |    68 |     2 ||   100
Block: Kite shield       |    39 |    16 |       ||    55
       Tower shield      |       |   282 |    61 ||   343
       Reflection        |       |     5 |     4 ||     9
